 Dungeon Crawl Stone Soup version 0.21.0 (webtiles) character file.

42 Hekarica the Stinger (level 3, -1/26 HPs)
             Began as a Draconian Venom Mage on May 18, 2018.
             Slain by an adder (2 damage)
             ... on level 2 of the Dungeon.
             The game lasted 00:12:07 (1287 turns).

Hekarica the Stinger (Draconian Venom Mage)         Turns: 1287, Time: 00:12:07

Health: -1/26      AC:  5    Str: 10    XL:     3   Next: 33%
Magic:  6/6        EV: 12    Int: 16    God:
Gold:   64         SH:  0    Dex: 11    Spells: 3/6 levels left

rFire    . . .     SeeInvis .   c - +0 dagger
rCold    . . .     Gourm    .   (no shield)
rNeg     . . .     Faith    .   (armour unavailable)
rPois    .         Spirit   .   (helmet restricted)
rElec    .         Reflect  .   (no cloak)
rCorr    .         Harm     .   (no gloves)
MR       .....                  (no boots)
Stlth    ++........             (no amulet)
HPRegen  0.08/turn              (no ring)
MPRegen  0.10/turn              (no ring)

@: lethally poisoned (-1 -> -4)
A: unfitting armour, cold-blooded, AC +5
a: no special abilities


You were on level 2 of the Dungeon.
You were not hungry.

You visited 1 branch of the dungeon, and saw 2 of its levels.

You collected 64 gold pieces.

Inventory:

Hand Weapons
 c - a +0 dagger (weapon)
Scrolls
 d - a scroll of amnesia
 f - a scroll of remove curse
Books
 a - a Young Poisoner's Handbook

   Spells                             Type                      Level
   a - Sting                          Conjuration/Poison           1
   b - Poisonous Vapours              Poison/Air                   2
   c - Mephitic Cloud                 Conjuration/Poison/Air       3
   d - Olgreb's Toxic Radiance        Poison                       4
   e - Venom Bolt                     Conjuration/Poison           5
Comestibles
 b - 2 rations


   Skills:
 + Level 0.3 Short Blades
 + Level 2.1 Dodging
 + Level 2.1 Stealth
 * Level 2.4 Spellcasting
 + Level 1.3 Conjurations
 + Level 0.3 Air Magic
 - Level 3.4 Poison Magic


You had 3 spell levels left.
You knew the following spells:

 Your Spells              Type           Power        Failure   Level  Hunger
a - Sting                 Conj/Pois      #...         8%          1    #......
b - Poisonous Vapours     Pois/Air       #.....       14%         2    ###....


Dungeon Overview and Level Annotations

Branches:
Dungeon (2/15)

Altars:


Innate Abilities, Weirdness & Mutations

Your plain brown scales are hard. (AC +5)
You cannot fit into any form of body armour.
You are cold-blooded and may be slowed by cold attacks.


Message History

The adder is moderately wounded.
The adder barely misses you.
You closely miss the adder.
Your tail-slap misses the adder.
The adder is moderately wounded.
* * * LOW HITPOINT WARNING * * *
You feel sick. The adder barely misses you.
You miss the adder. You tail-slap the adder.
The adder is severely wounded.
The adder closely misses you. The adder bites you but does no damage.
You hit the adder.
The adder is severely wounded.
The adder bites you but does no damage.
You hit the adder but do no damage.
Your tail-slap misses the adder.
The adder is severely wounded.
* * * LOW HITPOINT WARNING * * *
You feel sick. The adder bites you but does no damage.
You hit the adder but do no damage.
Your tail-slap misses the adder.
The adder is severely wounded.
The adder closely misses you. The adder bites you.
You die...

#.....#.##.#.#.
##...#...##.#...
#..#..#..#..##..
############.)..........##.
#.............###...###.##.
#.<........................
#.$........#.####..####.##.
#............## ##.####....
#######..S@...## #.<.......
#......)..###.......†.
#..........###.......)
#...........##........ ####*
#.........#...?.......
##...###.....................
##.....###............†#......
#.......#................####.
#.................#..#.### #.


You could see an adder.

Vanquished Creatures
  An adder (D:2)
  A dart slug (D:1)
  6 bats
  5 giant cockroaches
  2 hobgoblins
  2 kobolds
  2 frilled lizards
  6 goblins
  4 rats
29 creatures vanquished.

Notes
Turn   | Place    | Note
-------+----------+-------------------------------------------
     0 | D:1      | Hekarica the Draconian Venom Mage began the quest for the Orb.
     0 | D:1      | Reached XP level 1. HP: 14/14 MP: 3/3
    86 | D:1      | Reached XP level 2. HP: 12/20 MP: 0/5
   425 | D:1      | Learned a level 1 spell: Sting
   428 | D:1      | Learned a level 2 spell: Poisonous Vapours
   837 | D:2      | Reached XP level 3. HP: 14/26 MP: 6/6
  1286 | D:2      | HP: 1/26 [poisoned by an adder]
  1287 | D:2      | Slain by an adder

Skill      XL: |  1  2 |
---------------+-------+-----
Dodging        | 2 |  2.1
Stealth        | 2 |  2.1
Short Blades   | |  0.3
Spellcasting   | |  2.4
Conjurations   | |  1.3
Air Magic      | |  0.3
Poison Magic   | |  3.4

Action                   || total
-------------------------++-------
Melee: Unarmed           ||    17
       Dagger            ||   122
       Tailslap          ||     7
 Cast: Sting             ||    27
  Use: Scroll            ||     8
       Potion            ||     2
 Stab: Sleeping          ||     2
  Eat: Ration            ||     1
Armor: Skin              ||    49
Dodge: Dodged            ||   102
